 Dungeon Crawl Stone Soup version 0.18.1-50-g88ac8fd (webtiles) character file.

42 jerryfan the Conjurer (level 3, 0/27 HPs)
             Began as a Draconian Conjurer on Sept 30, 2016.
             Slain by a kobold
             ... wielding a +0 club
              (4 damage)
             ... on level 2 of the Dungeon.
             The game lasted 00:08:06 (1399 turns).

jerryfan the Conjurer (Draconian Conjurer)          Turns: 1399, Time: 00:08:07

Health: 0/27       AC:  6    Str: 10    XL:     3   Next: 35%
Magic:  2/6        EV: 12    Int: 16    God:
Gold:   58         SH:  0    Dex: 11    Spells: 2 memorised, 3 levels left

rFire  . . .     SeeInvis .     c - +0 dagger
rCold  . . .     Gourm    .     (armour unavailable)
rNeg   . . .     Faith    .     (no shield)
rPois  .         Spirit   .     (helmet restricted)
rElec  .         Dismiss  .     g - +0 cloak
rCorr  .         Reflect  .     (no gloves)
SustAt .         Harm     .     (no boots)
MR     .....                    (no amulet)
Stlth  ++........               (no ring)
                                (no ring)

@: lethally poisoned (0 -> -5), not resistant to hostile enchantments,
unstealthy
A: unfitting armour, cold-blooded, AC +5
a: no special abilities


You were on level 2 of the Dungeon.
You were not hungry.

You visited 1 branch of the dungeon, and saw 2 of its levels.

You collected 58 gold pieces.

Inventory:

Hand Weapons
 c - a +0 dagger (weapon)
Armour
 g - a +0 cloak (worn)
Wands
 d - a wand of lightning (5/15)
Scrolls
 e - a scroll of recharging {unknown}
 f - 2 scrolls of amnesia
 i - a scroll of teleportation {unknown}
 j - a scroll of fog {unknown}
 l - a scroll of fear {unknown}
Potions
 k - a potion of brilliance {unknown}
Books
 a - a book of Conjurations

   Spells                             Type                      Level
   a - Magic Dart                     Conjuration                  1
   b - Searing Ray                    Conjuration                  2
   c - Dazzling Spray                 Conjuration/Hexes            3
   d - Fulminant Prism                Conjuration/Hexes            4
   e - Iskenderun's Mystic Blast      Conjuration                  4
   f - Iskenderun's Battlesphere      Conjuration/Charms           5
Comestibles
 b - 2 bread rations
 h - a meat ration
 m - a chunk of flesh
 n - a beef jerky


   Skills:
 + Level 0.4 Fighting
 + Level 0.4 Short Blades
 + Level 2.0 Dodging
 + Level 1.9 Stealth
 + Level 2.4 Spellcasting
 + Level 4.5 Conjurations


You had 3 spell levels left.
You knew the following spells:

 Your Spells              Type           Power        Failure   Level  Hunger
a - Magic Dart            Conj           ###.         3%          1    #......
b - Searing Ray           Conj           ###...       6%          2    ###....


Dungeon Overview and Level Annotations

Branches:
Dungeon (2/15)

Altars:
Fedhas


Innate Abilities, Weirdness & Mutations

Your plain brown scales are hard (AC +5).
Your body does not fit into most forms of armour.
You are cold-blooded and may be slowed by cold attacks.


Message History

You are more poisoned.
The adder poisons you!
Casting: Magic Dart
Confirm with . or Enter, or press ? or * to list all spells.
Aiming: Searing Ray
Press: ? - help, Shift-Dir - straight line, f/p - adder
Aim: an adder (heavily wounded)
The searing ray hits the adder.
The adder is almost dead.
The kobold hits you with a club.
The searing ray hits the bat.
The bat is severely wounded.
You feel sick. The bat closely misses you. The adder barely misses you.
The kobold hits you with a club.
The searing ray hits the adder.
The adder is heavily wounded.
You feel sick. The bat completely misses you. The adder bites you.
* * * LOW HITPOINT WARNING * * *
The bat hits you but does no damage. The kobold hits you with a club.
You die...

# #........#.#.. #
#........#.#.# ##
#..#.###.#.#.# ## .###
#..#.###.#.#.# .. ...#
#..#.......#.# .# ...#
#..#####.###.# .# ...#
#..#####.....## .# ...#
#.........SK..###.#####.
...#
#.##......@bS.......%...
...#
#.##....#####.###.######
...# #............. ...
...#
#...........#.#....S
...#
#.##+#.######.........
...# #.# #.# ........
...####.#.# .# ........
........#.# .. .......
...######.# #


You could see 2 adders, a bat and a kobold.

Vanquished Creatures
  An adder (D:2)
  2 dart slugs (D:2)
  A giant gecko (D:2)
  2 giant cockroaches (D:1)
  2 goblins
  2 hobgoblins (D:1)
  2 jackals (D:1)
  6 kobolds
  A bat (D:2)
  2 giant newts
  6 rats
27 creatures vanquished.

Notes
Turn   | Place    | Note
--------------------------------------------------------------
     0 | D:1      | jerryfan the Draconian Conjurer began the quest for the Orb.
     0 | D:1      | Reached XP level 1. HP: 14/14 MP: 3/3
   126 | D:1      | Reached XP level 2. HP: 7/20 MP: 3/5
   352 | D:1      | Learned a level 2 spell: Searing Ray
  1143 | D:2      | Reached XP level 3. HP: 26/26 MP: 4/6
  1223 | D:2      | Found a blossoming altar of Fedhas.
  1399 | D:2      | Slain by a kobold

Skill      XL: |  1  2  3 |
---------------+----------+-----
Dodging        | 2 |  2.0
Fighting       | |  0.4
Short Blades   | |  0.4
Stealth        | |  1.9
Spellcasting   | |  2.4
Conjurations   | |  4.5

Action                   || total
-------------------------++-------
Melee: Dagger            ||    63
       Tailslap          ||     4
       Unarmed           ||     2
 Cast: Magic Dart        ||    39
       Searing Ray       ||     2
Evoke: Wand              ||     2
  Use: Scroll            ||     3
  Eat: Chunk             ||     2
Armor: Skin              ||    28
Dodge: Dodged            ||    54
